[Event "Titled Tuesday Blitz August 16 Early 2022"]
[White "Cruz Mendez, Jean Marco"]
[Black "Filippova, Margarita"]
[WhiteFideId "3526402"]
[BlackFideId "34199680"]
[WhiteElo "2064"]
[BlackElo "1734"]
[Result "1-0"]
[Round "05"]
[TimeControl "180+2"]
[Date "2022.08.18"]
[WhiteClock "0:00:00"]
[BlackClock "0:00:00"]

1. Nf3 Nf6 2. g3 d5 3. Bg2 e6 4. O-O Be7 5. d3 O-O 6. Nbd2 b6 7. e4 dxe4 8. dxe4 Bb7 9. Qe2 Nbd7 10. e5 Nd5 11. a3 c5 12. c4 Nc7 13. Ne4 Ne8 14. Rd1 Qc7 15. Bf4 g6 16. h4 Ng7 17. Nf6+ Bxf6 18. exf6 e5 19. fxg7 Rfe8 20. Be3 e4 21. Nh2 Ne5 22. Ng4 Nf3+ 23. Kh1 Kxg7 24. b4 cxb4 25. Qb2+ Kf8 26. Qh8+ Ke7 27. Qf6+ Kf8 28. Bh6+ 1-0


[Site "https://www.chess.com"]

[Event "Titled Tuesday Blitz August 16 Early 2022"]
[White "Danielyan, Vahe"]
[Black "Prydun, Andriy"]
[WhiteFideId "13304828"]
[BlackFideId "14145898"]
[WhiteElo "2421"]
[BlackElo "2163"]
[Result "0-1"]
[Round "05"]
[TimeControl "180+2"]
[Date "2022.08.18"]
[WhiteClock "0:00:00"]
[BlackClock "0:00:00"]

1. c4 c5 2. g3 Nc6 3. Bg2 e5 4. Nc3 d6 5. e3 Be6 6. b3 f5 7. Nge2 Nf6 8. Bb2 Be7 9. d4 Bf7 10. d5 Nb8 11. Qc2 Bg6 12. f4 e4 13. h3 h5 14. O-O-O h4 15. g4 fxg4 16. hxg4 Nxg4 17. Bxe4 Bf7 18. Bg6 Nxe3 19. Bxf7+ Kxf7 20. Qe4 Nxd1 21. Rg1 Bf6 22. Kxd1 Nd7 23. Qe6+ Kf8 24. f5 Be5 25. Ne4 Rh6 26. Rg6 Bxb2 27. Rxh6 gxh6 28. Nf4 Nf6 29. Ng6+ Kg7 30. Nxd6 Qd7 31. Kc2 Bd4 0-1


[Site "https://www.chess.com"]

[Event "Titled Tuesday Blitz August 16 Early 2022"]
[White "Dauner, Benedikt"]
[Black "Tarasova, Viktoriya"]
[WhiteFideId "16225899"]
[BlackFideId "4175840"]
[WhiteElo "2256"]
[BlackElo "2182"]
[Result "1-0"]
[Round "05"]
[TimeControl "180+2"]
[Date "2022.08.18"]
[WhiteClock "0:00:00"]
[BlackClock "0:00:00"]

1. b3 Nf6 2. Bb2 e6 3. Nf3 d5 4. g3 Bd6 5. Bg2 O-O 6. O-O c5 7. c4 Nc6 8. cxd5 exd5 9. d4 Be6 10. Nc3 b6 11. Rc1 Rc8 12. dxc5 bxc5 13. Ng5 Be5 14. Nxe6 fxe6 15. Ba3 Nb4 16. Na4 Nxa2 17. Rxc5 Rf7 18. Qd2 Rxc5 19. Bxc5 Nc3 20. Nxc3 Rc7 21. Na4 1-0


[Site "https://www.chess.com"]

[Event "Titled Tuesday Blitz August 16 Early 2022"]
[White "De La Colina, Nicolas"]
[Black "Rios Escobar, Adan"]
[WhiteFideId "30946921"]
[BlackFideId "3403645"]
[WhiteElo "2046"]
[BlackElo "2276"]
[Result "1-0"]
[Round "05"]
[TimeControl "180+2"]
[Date "2022.08.18"]
[WhiteClock "0:00:00"]
[BlackClock "0:00:00"]

1. e4 c5 2. Nf3 d6 3. c3 Nf6 4. h3 Nc6 5. Bd3 d5 6. e5 Nd7 7. Bb5 a6 8. Bxc6 bxc6 9. e6 fxe6 10. d4 cxd4 11. cxd4 Nf6 12. Nc3 g6 13. Bf4 Bg7 14. O-O O-O 15. Bh2 Qb6 16. b3 c5 17. Na4 Qb4 18. a3 Qb5 19. Nxc5 Ne4 20. Rc1 Bh6 21. Rc2 Rf6 22. Be5 Rf7 23. Qd3 Nxc5 24. Qxb5 axb5 25. Rxc5 Rf8 26. Ra1 Bd7 27. Rc7 Rfd8 28. Ne1 Bd2 29. Nd3 Ba5 30. Rc2 Be8 31. Nc5 Kf7 32. b4 Bxb4 33. Nb7 Rd7 34. Nc5 Rda7 35. Nd3 Bxa3 36. Rca2 b4 37. Nxb4 Bb5 38. Nc2 Ra4 39. Rxa3 Rxa3 40. Rxa3 Rxa3 41. Nxa3 Bd3 42. f3 Ke8 43. Kf2 Kd7 44. Ke3 Bf1 45. Nc2 Bxg2 46. h4 Bh3 47. Ne1 Bf5 48. Kf4 Bb1 49. Ng2 Ke8 50. Ne3 Kf7 51. Kg5 Kg8 52. Ng2 1-0


[Site "https://www.chess.com"]

[Event "Titled Tuesday Blitz August 16 Early 2022"]
[White "Delorme, Axel"]
[Black "Leiva, Gianmarco"]
[WhiteFideId "632023"]
[BlackFideId "3804399"]
[WhiteElo "2474"]
[BlackElo "2323"]
[Result "0-1"]
[Round "05"]
[TimeControl "180+2"]
[Date "2022.08.18"]
[WhiteClock "0:00:00"]
[BlackClock "0:00:00"]

1. d4 Nf6 2. Nf3 e6 3. c4 d5 4. Nc3 a6 5. cxd5 exd5 6. Bg5 Be6 7. e3 Nbd7 8. Bd3 Bd6 9. Bf4 Be7 10. Ne5 Nxe5 11. Bxe5 c6 12. O-O O-O 13. Ne2 Bg4 14. h3 Bh5 15. Qc2 Bg6 16. Bxg6 hxg6 17. Bxf6 gxf6 18. Nf4 Kg7 19. Nd3 Bd6 20. Nc5 Qe7 21. Rac1 f5 22. Nd3 Rh8 23. Rfe1 Qg5 24. f4 Qg3 25. Kf1 Qh4 26. Qf2 Qe7 27. Ne5 f6 28. Nd3 Qe4 29. Rcd1 Rae8 30. Qf3 Qe7 31. g4 Qe4 32. Qxe4 fxe4 33. Nf2 g5 34. fxg5 fxg5 35. Kg2 Ref8 36. h4 Rxh4 37. Rh1 Rf3 38. Rxh4 gxh4 39. Nh1 h3+ 40. Kg1 Rxe3 41. Rf1 Re2 42. Rf5 Re1+ 43. Rf1 Bh2+ 44. Kxh2 Rxf1 45. Ng3 Rf2+ 46. Kxh3 e3 47. g5 e2 0-1


[Site "https://www.chess.com"]

[Event "Titled Tuesday Blitz August 16 Early 2022"]
[White "Derjabin, Ilja"]
[Black "Johnson, Ben"]
[WhiteFideId "14104768"]
[BlackFideId "2010917"]
[WhiteElo "2341"]
[BlackElo "2050"]
[Result "0-1"]
[Round "05"]
[TimeControl "180+2"]
[Date "2022.08.18"]
[WhiteClock "0:00:00"]
[BlackClock "0:00:00"]

1. d4 Nf6 2. c4 e6 3. Nc3 Bb4 4. a3 Bxc3+ 5. bxc3 d5 6. f3 O-O 7. e3 c5 8. Bd3 Nc6 9. Ne2 b6 10. cxd5 exd5 11. O-O a5 12. g4 Ba6 13. Bxa6 Rxa6 14. Ng3 c4 15. Ra2 b5 16. g5 Ne8 17. Kh1 Nd6 18. e4 Ne7 19. Rg2 b4 20. axb4 axb4 21. cxb4 Ra1 22. Qc2 Ng6 23. e5 Nb5 24. f4 Nxd4 25. Qb2 Nb3 26. f5 Nh4 27. Rgf2 Rxc1 28. Rxc1 Nxc1 29. Qxc1 d4 30. Qxc4 Qxg5 31. Qxd4 Rd8 32. Qf4 Rd1+ 33. Nf1 Rxf1+ 34. Rxf1 Qg2# 0-1


[Site "https://www.chess.com"]

[Event "Titled Tuesday Blitz August 16 Early 2022"]
[White "Djokic, Mihailo"]
[Black "Padmini, Rout"]
[WhiteFideId "976440"]
[BlackFideId "5029295"]
[WhiteElo "2246"]
[BlackElo "2181"]
[Result "1-0"]
[Round "05"]
[TimeControl "180+2"]
[Date "2022.08.18"]
[WhiteClock "0:00:00"]
[BlackClock "0:00:00"]

1. e4 c5 2. Nf3 Nc6 3. d4 cxd4 4. Nxd4 Nf6 5. Nc3 e5 6. Ndb5 d6 7. Bg5 a6 8. Bxf6 gxf6 9. Na3 b5 10. Nd5 f5 11. c3 Bg7 12. exf5 Bxf5 13. Nc2 O-O 14. Nce3 Be6 15. Bd3 f5 16. Qh5 e4 17. Bc2 Ne7 18. Rd1 Ng6 19. g4 fxg4 20. Bxe4 Ra7 21. Bxg6 hxg6 22. Qxg6 Qe8 23. Qxe8 Rxe8 24. O-O Be5 25. Kg2 Rh7 26. Rh1 Rf8 27. Nf1 Rhf7 28. f4 gxf3+ 29. Kf2 a5 30. Nfe3 Kh7 31. Rdg1 b4 32. Rg5 bxc3 33. bxc3 Rg7 34. Rhg1 Rxg5 35. Rxg5 Kh6 36. Rg1 Rf7 37. Ng4+ Bxg4 38. Rxg4 Kh5 39. h3 Rb7 40. Kxf3 Rb2 41. Rg2 Rb1 42. Rd2 Rh1 43. Ke4 Kg6 44. Rg2+ Kf7 45. Rf2+ Ke6 46. Nc7+ Kd7 47. Rf7+ Kc6 48. c4 Rxh3 49. Nd5 Ra3 50. Rc7# 1-0


[Site "https://www.chess.com"]

[Event "Titled Tuesday Blitz August 16 Early 2022"]
[White "Drygalov, Sergey"]
[Black "Koniahli, Malek."]
[WhiteFideId "24171743"]
[BlackFideId "7603495"]
[WhiteElo "2523"]
[BlackElo "2097"]
[Result "1-0"]
[Round "05"]
[TimeControl "180+1"]
[Date "2022.08.16"]
[WhiteClock "0:00:59"]
[BlackClock "0:01:26"]

1. d4 d5 2. Nf3 Nf6 3. c4 c6 4. Nc3 a6 5. e3 Bf5 6. Ne5 Nbd7 7. Qb3 Qc7 8. cxd5 Nxe5 9. dxe5 Nxd5 10. Nxd5 cxd5 11. Bd2 e6 12. Rc1 Qd7 13. Ba5 Rc8 14. Rxc8+ Qxc8 15. Kd2 Be7 16. Be2 Qc5 17. Qa4+ b5 18. Qb3 d4 19. Rc1 dxe3+ 20. fxe3 Qd5+ 21. Qxd5 exd5 22. Rc6 Bg5 23. Rxa6 d4 24. Ra8+ Kd7 25. Rxh8 Bxe3+ 26. Kd1 d3 27. Bf3 Be6 28. Rd8+ 1-0


[Site "https://www.chess.com"]

[Event "Titled Tuesday Blitz August 16 Early 2022"]
[White "Dubov, Daniil"]
[Black "Melikyan, Gnel"]
[WhiteFideId "24126055"]
[BlackFideId "54109990"]
[WhiteElo "2791"]
[BlackElo "1772"]
[Result "1-0"]
[Round "05"]
[TimeControl "180+1"]
[Date "2022.08.16"]
[WhiteClock "0:01:34"]
[BlackClock "0:00:23"]

1. e4 c5 2. Nf3 Nc6 3. Bb5 e6 4. O-O Nge7 5. Re1 a6 6. Bxc6 Nxc6 7. d4 cxd4 8. Nxd4 d6 9. Nxc6 bxc6 10. Qg4 e5 11. Qg3 Qf6 12. Nd2 Qg6 13. Nc4 Qxg3 14. hxg3 Be6 15. Na5 Kd7 16. Bd2 Be7 17. Rad1 Rhb8 18. b3 Bd8 19. c4 c5 20. Bc3 f6 21. Rd3 Rb6 22. Red1 Bc7 23. a3 Rab8 24. b4 cxb4 25. axb4 Rxb4 26. Bxb4 Rxb4 27. c5 Rxe4 28. Rxd6+ Bxd6 29. Rxd6+ Ke7 30. Nc6+ Ke8 31. Rxe6+ Kd7 32. Rd6+ Kc7 33. Nd8 1-0


[Site "https://www.chess.com"]

[Event "Titled Tuesday Blitz August 16 Early 2022"]
[White "Dushyant Sharma"]
[Black "Samunenkov, Ihor"]
[WhiteFideId "25065130"]
[BlackFideId "14187086"]
[WhiteElo "2133"]
[BlackElo "2441"]
[Result "0-1"]
[Round "05"]
[TimeControl "180+2"]
[Date "2022.08.18"]
[WhiteClock "0:00:00"]
[BlackClock "0:00:00"]

1. e4 c6 2. d4 d5 3. exd5 cxd5 4. Bd3 Nf6 5. c3 Bg4 6. Nf3 Nc6 7. O-O e6 8. Be3 Bd6 9. Nbd2 O-O 10. Qc2 Rc8 11. a3 Ne7 12. Ne5 Bf5 13. f4 Bxd3 14. Qxd3 Nf5 15. Rae1 Bb8 16. Kh1 Nd6 17. Rf3 Nfe4 18. Rh3 f6 19. Ng4 b5 20. Nxe4 dxe4 21. Qe2 Nc4 22. Bc1 f5 23. Ne5 Bxe5 24. fxe5 Qd5 25. Rg3 Kh8 26. Qh5 f4 27. Rh3 h6 28. Qg6 Rf5 29. Rf1 e3 30. Rh4 e2 31. Rg1 Qe4 32. Re1 a5 33. Rxh6+ gxh6 34. Qxh6+ Kg8 35. Qxe6+ Kh7 36. Qxc8 f3 37. Qd7+ Kg8 38. Qe8+ Rf8 39. Qe6+ Rf7 40. Rg1 e1=Q 41. Qe8+ Kg7 42. gxf3+ Qxg1+ 43. Kxg1 Qe1+ 44. Kg2 Qe2+ 45. Kg3 Qxf3+ 46. Kh4 Qe4+ 47. Kg3 Qd3+ 48. Kg2 Qg6+ 49. Kh3 Rf3+ 50. Kh4 Qxe8 0-1


[Site "https://www.chess.com"]

[Event "Titled Tuesday Blitz August 16 Early 2022"]
[White "Eynullayev, Atilla"]
[Black "Melikhov, Evgeny V."]
[WhiteFideId "13413570"]
[BlackFideId "4122046"]
[WhiteElo "1936"]
[BlackElo "1963"]
[Result "0-1"]
[Round "05"]
[TimeControl "180+2"]
[Date "2022.08.18"]
[WhiteClock "0:00:00"]
[BlackClock "0:00:00"]

1. e4 e5 2. Nf3 Nc6 3. Bb5 a6 4. Ba4 Nf6 5. O-O Nxe4 6. d4 b5 7. Bb3 d5 8. dxe5 Be6 9. Be3 Be7 10. c3 O-O 11. Nbd2 Qd7 12. Bc2 f5 13. exf6 Nxf6 14. Nb3 Bf5 15. Bxf5 Qxf5 16. Nfd4 Nxd4 17. Qxd4 c6 18. Qb6 Qd7 19. f3 Rfb8 20. Qd4 Bd6 21. Rae1 Re8 22. Bg5 Rxe1 23. Rxe1 Rf8 24. Nc5 Bxc5 25. Qxc5 h6 26. Re7 Qf5 27. Bc1 Qc2 28. Re1 Re8 29. Rxe8+ Nxe8 30. Qe3 Nf6 31. a3 Kh7 32. h4 c5 33. Qd2 Qxd2 34. Bxd2 h5 35. Kf2 Kg6 36. Be3 c4 37. Bd4 Nd7 38. g4 hxg4 39. fxg4 Nb8 40. Kf3 Nc6 41. Kf4 Nxd4 42. cxd4 a5 43. Ke5 b4 44. axb4 axb4 45. Kf4 c3 46. bxc3 b3 47. Ke5 b2 48. Kxd5 b1=Q 49. c4 Qh1+ 50. Kd6 Kf6 51. d5 Qxh4 52. c5 Qxg4 53. c6 Qc8 54. Kc5 Qc7 55. d6 Qa5+ 56. Kd4 Ke6 0-1


[Site "https://www.chess.com"]

[Event "Titled Tuesday Blitz August 16 Early 2022"]
[White "Fernandez, Fernando"]
[Black "Issabayev, Dias"]
[WhiteFideId "3802299"]
[BlackFideId "13703110"]
[WhiteElo "2292"]
[BlackElo "2291"]
[Result "1-0"]
[Round "05"]
[TimeControl "180+2"]
[Date "2022.08.18"]
[WhiteClock "0:00:00"]
[BlackClock "0:00:00"]

1. d4 d5 2. Nf3 Nf6 3. Bf4 c5 4. e3 Nc6 5. Nbd2 e6 6. c3 Bd6 7. Bg3 O-O 8. Bb5 Ne7 9. Bd3 b6 10. e4 Bxg3 11. hxg3 Bb7 12. e5 Ne4 13. Qb1 h6 14. Nxe4 dxe4 15. Bxe4 Qc7 16. g4 cxd4 17. cxd4 Bxe4 18. Qxe4 Qc6 19. Qxc6 Nxc6 20. Rc1 Nb4 21. Kd2 Nxa2 22. Rc7 Nb4 23. g5 Nd5 24. Rb7 hxg5 25. Nxg5 a5 26. Rc1 Rad8 27. Ne4 Nf4 28. Nd6 f6 29. Rcc7 1-0


[Site "https://www.chess.com"]

[Event "Titled Tuesday Blitz August 16 Early 2022"]
[White "Fernandez Hernandez, Gerardo"]
[Black "Kostiukov, Alexandr"]
[WhiteFideId "2207400"]
[BlackFideId "14108100"]
[WhiteElo "2169"]
[BlackElo "2202"]
[Result "0-1"]
[Round "05"]
[TimeControl "180+2"]
[Date "2022.08.18"]
[WhiteClock "0:00:00"]
[BlackClock "0:00:00"]

1. e4 c5 2. d3 g6 3. g3 Bg7 4. Bg2 Nc6 5. f4 e6 6. Nf3 Nge7 7. O-O O-O 8. c3 d5 9. Be3 d4 10. Bf2 b6 11. e5 dxc3 12. bxc3 Ba6 13. c4 Qd7 14. Qe2 Rad8 15. Ne1 Nf5 16. Nc3 Nfd4 17. Qb2 f6 18. exf6 Bxf6 19. Kh1 Nf5 20. Qa3 Bb7 21. Rd1 Nb4 22. Ne4 Bg7 23. Qxa7 Rb8 24. Qa3 Ra8 25. Qb3 Rxa2 26. Ng5 Nd4 27. Qb1 Bc6 28. Ne4 Rfa8 29. Bh3 Nf5 0-1


[Site "https://www.chess.com"]

[Event "Titled Tuesday Blitz August 16 Early 2022"]
[White "Ginzburg, Yakov"]
[Black "Silva, Kevin Ranidu"]
[WhiteFideId "4157176"]
[BlackFideId "9935258"]
[WhiteElo "2265"]
[BlackElo "1626"]
[Result "0-1"]
[Round "05"]
[TimeControl "180+2"]
[Date "2022.08.18"]
[WhiteClock "0:00:00"]
[BlackClock "0:00:00"]

1. e4 e5 2. Nf3 Nc6 3. Bb5 a6 4. Bxc6 dxc6 5. O-O Bg4 6. h3 Bxf3 7. Qxf3 Nf6 8. d3 Bc5 9. Qg3 Qe7 10. Qxg7 Rg8 11. Qh6 Rg6 12. Qh4 O-O-O 13. Kh1 h6 14. Be3 Rdg8 15. Rg1 Bxe3 16. fxe3 Qc5 17. Nc3 Qxe3 18. Raf1 Qg5 19. Qxg5 hxg5 20. g4 Kd7 21. Rg3 Ke6 22. Rgf3 Rh8 23. Kg2 Rh7 24. Ne2 c5 25. Nc3 c6 26. Rf5 Nd7 27. b3 f6 28. Nd1 Ke7 29. R5f3 Nf8 30. Ne3 Ne6 31. Nf5+ Kd7 32. Rh1 Nf4+ 33. Kf2 Rg8 34. h4 gxh4 35. Rxh4 Rxh4 36. Nxh4 Rxg4 37. Nf5 Rg2+ 38. Kf1 Rxc2 39. Rg3 Kc7 40. Rg7+ Kb8 41. Nd6 Nxd3 42. Rxb7+ Ka8 43. Rc7 c4 44. Rxc6 cxb3 45. Rxa6+ Kb8 46. axb3 Nc5 47. Rb6+ Kc7 48. Nc4 Rxc4 49. Rxf6 Rxe4 50. Rf7+ Kc6 51. Kf2 Nxb3 52. Rf6+ Kd5 53. Kf3 Nd4+ 54. Kg3 Re3+ 55. Kf2 Re4 56. Rf8 Rf4+ 57. Rxf4 exf4 0-1


[Site "https://www.chess.com"]

[Event "Titled Tuesday Blitz August 16 Early 2022"]
[White "Goltseva, Ekaterina"]
[Black "Martin, Lewis"]
[WhiteFideId "24173770"]
[BlackFideId "410551"]
[WhiteElo "2086"]
[BlackElo "2145"]
[Result "1-0"]
[Round "05"]
[TimeControl "180+2"]
[Date "2022.08.18"]
[WhiteClock "0:00:00"]
[BlackClock "0:00:00"]

1. d4 d5 2. c4 e6 3. Nc3 Nf6 4. cxd5 exd5 5. Bg5 Nbd7 6. e3 c6 7. Qc2 Be7 8. Bd3 h6 9. Bh4 O-O 10. Nge2 Re8 11. f3 Nf8 12. O-O b6 13. Kh1 Bb7 14. Rad1 c5 15. Bb5 N8d7 16. dxc5 bxc5 17. Bxf6 Nxf6 18. Bxe8 Qxe8 19. Nf4 Rd8 20. Rfe1 Qc6 21. e4 d4 22. Ncd5 Nxd5 23. Nxd5 Bf8 24. b4 Qg6 25. Qc4 Ba6 26. Qc1 Rc8 27. bxc5 Rxc5 28. Qf4 d3 29. Qb8 Bc8 30. Rd2 Rc2 31. Rxc2 dxc2 32. Qb2 Be6 33. Nf4 Qg5 34. Nxe6 fxe6 35. Qxc2 Bb4 36. Rd1 Kh7 37. Qb3 Be7 38. Qxe6 Bf6 39. Qf5+ Qxf5 40. exf5 1-0


[Site "https://www.chess.com"]

[Event "Titled Tuesday Blitz August 16 Early 2022"]
[White "Golubev, Mikhail"]
[Black "Mahdavi, Reza"]
[WhiteFideId "14100983"]
[BlackFideId "12595926"]
[WhiteElo "2374"]
[BlackElo "2226"]
[Result "1-0"]
[Round "05"]
[TimeControl "180+2"]
[Date "2022.08.18"]
[WhiteClock "0:00:00"]
[BlackClock "0:00:00"]

1. e4 Nc6 2. Nf3 g6 3. d4 Bg7 4. d5 Ne5 5. Nxe5 Bxe5 6. f4 Bg7 7. Be2 d6 8. O-O Nf6 9. Nc3 c6 10. dxc6 bxc6 11. e5 Nd7 12. exd6 O-O 13. Bf3 Rb8 14. Kh1 Bb7 15. Ne4 e5 16. c3 h6 17. fxe5 Nxe5 18. Nc5 Nxf3 19. Rxf3 Ba8 20. b3 Rb5 21. b4 a5 22. a3 Kh7 23. Rb1 f5 24. Ne6 Qd7 25. Nxf8+ Bxf8 26. c4 Re5 27. c5 axb4 28. axb4 Bb7 29. Re3 Bg7 30. Rxe5 Bxe5 31. Bb2 Bxb2 32. Rxb2 Ba6 33. Qe1 Kg7 34. Qe7+ Qxe7 35. dxe7 Kf7 36. Ra2 Bb5 37. Ra7 g5 38. g3 Bc4 39. Kg1 Be6 40. Kf2 Ke8 41. Ke3 Bd7 42. Kd4 f4 43. gxf4 gxf4 44. Ke4 Kxe7 1-0


[Site "https://www.chess.com"]

[Event "Titled Tuesday Blitz August 16 Early 2022"]
[White "Gonzalez Vega, Alejandro"]
[Black "Samarth, J Rao"]
[WhiteFideId "3510042"]
[BlackFideId "46652370"]
[WhiteElo "2092"]
[BlackElo "1514"]
[Result "0-1"]
[Round "05"]
[TimeControl "180+2"]
[Date "2022.08.18"]
[WhiteClock "0:00:00"]
[BlackClock "0:00:00"]

1. e4 c5 2. Nf3 d6 3. c3 Nf6 4. Bd3 g6 5. h3 Bg7 6. Bc2 O-O 7. O-O b5 8. d4 Bb7 9. Re1 Nc6 10. d5 Ne5 11. Nxe5 dxe5 12. a4 a6 13. Na3 Nh5 14. axb5 axb5 15. Be3 b4 16. Nc4 Qc7 17. Qd2 Ba6 18. Bd3 Nf4 19. Bf1 Rfd8 20. cxb4 Bxc4 21. Bxc4 cxb4 22. Rxa8 Rxa8 23. Qxb4 Rb8 24. Qc3 e6 25. dxe6 Nxe6 26. Rc1 Nd4 27. Bf1 Qb7 28. Rb1 Qxe4 29. Re1 Qb7 30. f3 Qxb2 31. Qxb2 Rxb2 32. Rd1 h5 33. Bf2 Rc2 34. h4 Nf5 35. Bd3 Rc8 36. Be4 Nd4 37. Kh2 f6 38. Kg3 f5 39. Bd5+ Kh7 40. f4 Ne2+ 41. Kf3 Nxf4 42. g3 Rc3+ 43. Be3 Nxd5 44. Rxd5 Bh6 45. Rd7+ Kg8 46. Rd8+ Kf7 47. Rd7+ Ke6 48. Rh7 Bxe3 49. Kg2 e4 50. Rh8 Bd4 51. Re8+ Kf7 52. Rd8 Rc2+ 53. Kf1 Be5 54. Rd7+ Ke6 0-1


[Site "https://www.chess.com"]

[Event "Titled Tuesday Blitz August 16 Early 2022"]
[White "Grandelius, Nils"]
[Black "Salem, A.R. Saleh"]
[WhiteFideId "1710400"]
[BlackFideId "9301348"]
[WhiteElo "2617"]
[BlackElo "2674"]
[Result "0-1"]
[Round "05"]
[TimeControl "180+1"]
[Date "2022.08.16"]
[WhiteClock "0:00:04"]
[BlackClock "0:00:16"]

1. Nf3 d5 2. e3 c5 3. d4 Nf6 4. Nbd2 cxd4 5. exd4 Nc6 6. Bb5 Bf5 7. Ne5 Rc8 8. c3 Qb6 9. a4 a6 10. Bxc6+ bxc6 11. a5 Qb5 12. b3 e6 13. c4 Qb7 14. O-O Bb4 15. Ndf3 h6 16. Ba3 Bxa3 17. Rxa3 O-O 18. Qe2 Ne4 19. h3 Rfd8 20. Rc1 c5 21. cxd5 cxd4 22. Rxc8 Rxc8 23. dxe6 Rc1+ 24. Kh2 fxe6 25. Nxd4 Qc7 26. f4 Qc5 27. Ra4 Nc3 28. Qd2 Nxa4 29. bxa4 Ra1 30. Nb3 Qg1+ 31. Kg3 Rd1 32. Qb4 Kh7 33. Nd4 Rxd4 0-1


[Site "https://www.chess.com"]

[Event "Titled Tuesday Blitz August 16 Early 2022"]
[White "Gubajdullin, Alexei"]
[Black "Wagner, Dennis"]
[WhiteFideId "4141202"]
[BlackFideId "24650684"]
[WhiteElo "2214"]
[BlackElo "2355"]
[Result "1-0"]
[Round "05"]
[TimeControl "180+1"]
[Date "2022.08.16"]
[WhiteClock "0:00:34"]
[BlackClock "0:00:01"]

1. Nf3 d5 2. g3 Nd7 3. c4 dxc4 4. Na3 e5 5. Qc2 Bxa3 6. bxa3 Ngf6 7. Qxc4 O-O 8. Bb2 e4 9. Ne5 Nb6 10. Qc2 Re8 11. g4 Qd5 12. g5 Nh5 13. Qc3 Na4 14. Qd4 Qxd4 15. Bxd4 c5 16. Nxf7 cxd4 17. Nd6 Re6 18. Nxc8 Rxc8 19. Bh3 Kf7 20. Rg1 Nf4 21. Bxe6+ Kxe6 22. Rg4 Kf5 23. Rg3 Rc2 24. e3 Nd3+ 25. Kd1 Rb2 26. exd4 Nxf2+ 27. Ke2 Nd3 28. Rf1+ Ke6 29. Ke3 Rxa2 30. g6 Rxa3 31. gxh7 Ne5+ 32. Kxe4 Rxg3 33. h8=Q Ng4 34. Qe8+ 1-0


[Site "https://www.chess.com"]

[Event "Titled Tuesday Blitz August 16 Early 2022"]
[White "Hansen, Eric"]
[Black "Nakamura, Hikaru"]
[WhiteFideId "2606771"]
[BlackFideId "2016192"]
[WhiteElo "2568"]
[BlackElo "2850"]
[Result "1/2-1/2"]
[Round "05"]
[TimeControl "180+1"]
[Date "2022.08.16"]
[WhiteClock "0:00:11"]
[BlackClock "0:00:06"]

1. e4 c6 2. d4 d5 3. e5 Bf5 4. Nf3 e6 5. Be2 h6 6. O-O Ne7 7. a4 Nd7 8. a5 g5 9. Nbd2 Bg7 10. Nb3 Qc7 11. c3 f6 12. exf6 Bxf6 13. Bd3 O-O-O 14. Re1 Rde8 15. Be3 Rhf8 16. Qc2 Bxd3 17. Qxd3 Nf5 18. Re2 g4 19. Nfd2 Nxe3 20. fxe3 Bg5 21. a6 b6 22. Rf1 Rxf1+ 23. Nxf1 Rf8 24. Qg6 Nf6 25. Nbd2 Qf7 26. Qxf7 Rxf7 27. e4 Kd7 28. g3 Ne8 29. h4 Bf6 30. Ne3 h5 31. Ng2 Nc7 32. Rf2 Ke8 33. Nf4 c5 34. e5 Be7 35. Nxh5 cxd4 36. cxd4 Rxf2 37. Kxf2 Nxa6 38. Nf4 Kf7 39. Nf1 Nb4 40. Ke2 Nc2 41. Kd3 Ne1+ 42. Ke2 Nf3 43. Kd3 Ne1+ 44. Ke2 Nf3 45. Kd3 Ne1+ 1/2-1/2


[Site "https://www.chess.com"]

[Event "Titled Tuesday Blitz August 16 Early 2022"]
[White "Harsh Suresh"]
[Black "Yurovskykh, Oleksandr"]
[WhiteFideId "45018464"]
[BlackFideId "14134020"]
[WhiteElo "2070"]
[BlackElo "2292"]
[Result "1-0"]
[Round "05"]
[TimeControl "180+2"]
[Date "2022.08.18"]
[WhiteClock "0:00:00"]
[BlackClock "0:00:00"]

1. d4 d5 2. Nf3 Nf6 3. Bf4 c5 4. c3 Nc6 5. e3 Qb6 6. Qc2 Bg4 7. Nbd2 e6 8. Be2 Be7 9. O-O O-O 10. h3 Bf5 11. Qb3 c4 12. Qxb6 axb6 13. Nh4 b5 14. Nxf5 exf5 15. a3 Rfd8 16. Rfb1 g6 17. b3 Ra7 18. bxc4 bxc4 19. a4 Rda8 20. g4 fxg4 21. hxg4 Nd8 22. Bf3 Ne6 23. g5 Nxf4 24. gxf6 Bxf6 25. exf4 Rxa4 26. Rxa4 Rxa4 27. Bxd5 Ra3 28. Ne4 Be7 29. Rxb7 Kf8 30. Bxc4 h5 31. d5 Ra1+ 32. Kg2 Rd1 33. d6 Bxd6 34. Rxf7+ Ke8 35. Nf6+ Kd8 36. Rd7+ Kc8 37. Ba6+ Kb8 38. Ne4 1-0


[Site "https://www.chess.com"]

[Event "Titled Tuesday Blitz August 16 Early 2022"]
[White "Harshavardhan G B"]
[Black "Leschinsky, Gary"]
[WhiteFideId "25059009"]
[BlackFideId "30951321"]
[WhiteElo "1890"]
[BlackElo "1809"]
[Result "1-0"]
[Round "05"]
[TimeControl "180+1"]
[Date "2022.08.16"]
[WhiteClock "0:01:19"]
[BlackClock "0:00:04"]

1. d4 d5 2. c4 c6 3. Nf3 Nf6 4. Nc3 e6 5. Bg5 h6 6. Bh4 Be7 7. e3 Nbd7 8. Rc1 O-O 9. a3 a6 10. Bd3 dxc4 11. Bxc4 b5 12. Ba2 Bb7 13. O-O c5 14. d5 exd5 15. Nxd5 Nxd5 16. Bxd5 Bxd5 17. Bxe7 Qxe7 18. Qxd5 c4 19. Rfd1 Rfd8 20. Qb7 Kf8 21. Nd4 Ne5 22. Qe4 Nd3 23. Qxe7+ Kxe7 24. Nc6+ Ke8 25. Nxd8 Nxc1 26. Nb7 Nd3 27. b3 Ne5 28. f4 Nd3 29. bxc4 bxc4 30. Nd6+ Ke7 31. Nxc4 Rc8 32. Nb6 Nb2 33. Nxc8+ 1-0


[Site "https://www.chess.com"]

[Event "Titled Tuesday Blitz August 16 Early 2022"]
[White "Hess, Robert"]
[Black "Senthil Maran K"]
[WhiteFideId "2022036"]
[BlackFideId "25035681"]
[WhiteElo "2557"]
[BlackElo "2124"]
[Result "1-0"]
[Round "05"]
[TimeControl "180+1"]
[Date "2022.08.16"]
[WhiteClock "0:00:33"]
[BlackClock "0:00:04"]

1. b3 d5 2. Bb2 Nf6 3. d3 g6 4. Nd2 Bg7 5. h3 O-O 6. g4 d4 7. Bg2 c5 8. c4 Nc6 9. Bxc6 bxc6 10. Ngf3 Re8 11. Ng5 e5 12. Nge4 Nxe4 13. Nxe4 f5 14. gxf5 gxf5 15. Ng3 e4 16. dxe4 fxe4 17. Rg1 Qh4 18. e3 Kh8 19. Qh5 Qxh5 20. Nxh5 Be5 21. O-O-O Bxh3 22. exd4 cxd4 23. Rxd4 Rad8 24. Rxd8 Bxb2+ 25. Kxb2 Rxd8 26. Nf6 Bf5 27. Kc3 Bg6 28. Rg3 Rf8 29. Ng4 h5 30. Ne5 Bf5 31. Rg5 h4 32. Rh5+ Kg7 33. Rxh4 c5 34. f3 Kf6 35. fxe4 Be6 36. Rf4+ Ke7 37. Rxf8 Kxf8 38. Nd3 Ke7 39. Nxc5 Bc8 40. Kd4 Kd6 41. b4 a5 42. bxa5 Kc6 43. e5 Bf5 44. e6 Kd6 45. a6 Bh3 46. a7 Bg2 47. Ne4+ Bxe4 48. Kxe4 1-0


[Site "https://www.chess.com"]

[Event "Titled Tuesday Blitz August 16 Early 2022"]
[White "Ibarra Jerez, Jose Carlos"]
[Black "Janaszak, Dawid"]
[WhiteFideId "2226332"]
[BlackFideId "1119206"]
[WhiteElo "2628"]
[BlackElo "2165"]
[Result "1-0"]
[Round "05"]
[TimeControl "180+1"]
[Date "2022.08.16"]
[WhiteClock "0:01:15"]
[BlackClock "0:00:48"]

1. e4 c5 2. Nc3 Nc6 3. Nge2 g6 4. d4 cxd4 5. Nxd4 Bg7 6. Be3 Nf6 7. Bc4 O-O 8. Bb3 Re8 9. f3 e6 10. f4 Nd5 11. exd5 exd5 12. O-O Rxe3 13. Ndb5 a6 14. Nxd5 Rxb3 15. axb3 Bxb2 16. Nd6 Ne7 17. Rb1 Bg7 18. Nxe7+ Qxe7 19. Re1 Qf6 20. Re8+ Bf8 21. Nxc8 Kg7 22. Qxd7 Qxf4 23. Rxf8 Kxf8 24. Rf1 1-0


[Site "https://www.chess.com"]